 Dungeon Crawl Stone Soup version 0.16-a0-3253-g5709529 (webtiles) character file.

26254 Chiseanne the Summoner (level 12, -10/78 HPs)
             Began as a Demonspawn Necromancer on Dec 23, 2014.
             Was an Initiate of Gozag.
             Shot with a bolt by an orc knight (35 damage)
             ... on level 4 of the Orcish Mines.
             The game lasted 02:12:48 (23447 turns).

Chiseanne the Summoner (Demonspawn Necromancer)    Turns: 23447, Time: 02:12:48

Health: -10/78     AC: 15    Str: 10    XL:     12   Next: 96%
Magic:  21/30      EV: 17    Int: 23    God:    Gozag
Gold:   780        SH:  0    Dex: 14    Spells: 8 memorised, 3 levels left

rFire  + . .     SeeInvis +     e - +2 rod of clouds (5/11)
rCold  . . .     Clarity  .     v - +2 robe {rF+}
rNeg   . . .     SustAb   .     (no shield)
rPois  .         Gourm    .     t - +2 hat {SInv}
rElec  .         Spirit   .     n - +0 cloak
rCorr  .         Warding  .     (gloves unavailable)
rMut   .         Stasis   .     x - +0 pair of boots
MR     .....                    j - amulet of regeneration
Stlth  ++++......               W - ring of the Octopus King {AC+1 EV+1 Str+1 Int+1 Dex+1 SInv}
                                V - +2 ring of evasion

@: not resistant to hostile enchantments, stealthy
A: claws 3, iridescent scales 2, nightstalker 1, powered by death 1
a: Potion Petition, Call Merchant, Bribe Branch, Renounce Religion


You were on level 4 of the Orcish Mines.
You worshipped Gozag.
Gozag was noncommittal.
You were not hungry.

You visited 3 branches of the dungeon, and saw 19 of its levels.
You also visited: Labyrinth and Sewer.

You collected 6058 gold pieces.
You spent 5165 gold pieces at shops.
You paid 113 gold pieces to Gozag.

Inventory:

Hand weapons
 a - the +5 dagger of Jogho {pierce, rElec Str+2}
   (You found it on level 5 of the Dungeon)

   It inflicts extra damage upon your enemies.
   It affects your strength (+2).
   It insulates you from electricity.
 w - a +0 blowgun
 O - a +2 dagger of protection
Missiles
 r - 19 curare-tipped needles
 C - 2 poisoned javelins (quivered)
 D - 2 throwing nets
 J - 5 tomahawks
Armour
 n - a +0 cloak (worn)
 t - a +2 hat of see invisible (worn)
 v - a +2 robe of fire resistance (worn)
 x - a +0 pair of boots (worn)
 G - a +2 robe of magic resistance
 U - a +1 leather armour of poison resistance
Magical staves
 z - an uncursed staff of wizardry
Rods
 e - a +2 rod of clouds (5/11) (weapon)
   (You bought it in a shop on level 4 of the Dungeon)
Jewellery
 i - an uncursed ring of teleport control
 j - an amulet of regeneration (around neck)
 u - an uncursed ring of teleportation
 V - a +2 ring of evasion (left claw)
 W - a ring of the Octopus King (right claw) {AC+1 EV+1 Str+1 Int+1 Dex+1 SInv}
   (You bought it in a shop on level 11 of the Dungeon)

   [ring of see invisible]

   It affects your AC (+1).
   It affects your evasion (+1).
   It affects your strength (+1).
   It affects your intelligence (+1).
   It affects your dexterity (+1).
   It enhances your eyesight.
Magical devices
 k - a wand of teleportation (6)
 P - a wand of cold (7)
 R - a wand of heal wounds (1)
 S - a wand of digging (9)
 Y - a wand of heal wounds (3)
Scrolls
 l - 4 scrolls of magic mapping
 o - a scroll of blinking
 y - 6 scrolls of remove curse
 E - 3 scrolls of fear
 H - 9 scrolls of identify
 K - 3 scrolls of enchant weapon
 L - 7 scrolls of teleportation
 M - 2 scrolls of fog
Potions
 b - 2 potions of brilliance
 d - a potion of restore abilities
 f - 8 potions of curing
 g - 4 potions of haste
 p - 4 potions of berserk rage
 s - a potion of ambrosia
 A - a potion of might
 B - a potion of lignification
 F - 2 potions of resistance
 Q - a potion of cancellation
Books
 h - a book of the Earth

   Spells                             Type                      Level
   a - Leda's Liquefaction            Hexes/Earth                  4
   b - Bolt of Magma                  Conjuration/Fire/Earth       5
   c - Statue Form                    Transmutation/Earth          6
   d - Iron Shot                      Conjuration/Earth            6
   e - Shatter                        Earth                        9
 I - a book of Callings

   Spells                             Type                      Level
   a - Summon Small Mammal            Summoning                    1
   b - Call Imp                       Summoning                    2
   c - Call Canine Familiar           Summoning                    3
   d - Summon Guardian Golem          Hexes/Summoning              4
   e - Summon Lightning Spire         Summoning/Air                4
   f - Summon Ice Beast               Ice/Summoning                4
Miscellaneous
 c - a sack of spiders
 m - a lantern of shadows
 q - a disc of storms
 Z - a box of beasts
Comestibles
 N - 2 bread rations
 T - 2 royal jellies
 X - 4 meat rations


   Skills:
 - Level 2.0 Fighting
 - Level 2.8 Short Blades
 - Level 2.4 Armour
 - Level 4.9 Dodging
 - Level 4.1 Stealth
 - Level 1.0 Unarmed Combat
 * Level 10.2 Spellcasting
 - Level 11.7 Summonings
 - Level 9.9 Necromancy
 - Level 2.0 Transmutations
 * Level 0.0 Earth Magic
 - Level 10.5 Evocations


You had 3 spell levels left.
You knew the following spells:

 Your Spells              Type           Power        Failure   Level  Hunger
a - Pain                  Necr           ####         1%          1    None
b - Vampiric Draining     Necr           ######....   1%          3    None
c - Regeneration          Chrm/Necr      ####......   1%          3    None
d - Summon Lightning Spi  Summ/Air       #####...     8%          4    #......
e - Summon Guardian Gole  Hex/Summ       #####...     8%          4    #......
f - Call Canine Familiar  Summ           ######..     1%          3    None
g - Statue Form           Trmt/Erth      ###......    100%        6    ######.
h - Control Undead        Necr           ######....   1%          4    #......


Dungeon Overview and Level Annotations

Branches:
Dungeon (14/15)            Temple (1/1) D:4            Lair (0/8) D:10
    Orc (4/4) D:11            Elf (0/3) Orc:3        Vaults (0/5) D:13

Altars:
Ashenzari
Cheibriados
Dithmenos
Elyvilon
Fedhas
Gozag
Kikubaaqudgha
Makhleb
Nemelex Xobeh
Okawaru
Qazlal
Ru
Sif Muna
Trog
Vehumet
Xom
Yredelemnul
Zin
The Shining One
Beogh

Shops:
D:4 }*   D:11 =   D:12 ?   Orc:2 }   Orc:3 ?}[[   Orc:4 [


Innate Abilities, Weirdness & Mutations

You have claws for hands.
You are mostly covered in iridescent scales (AC +6).
You are slightly more attuned to the shadows.
You can steal the life force of nearby defeated enemies.


Message History

An orc warrior comes into view. It is wielding a flail.
The orc warrior is distracted by the nearby gold.
The orc knight shoots a bolt.
The bolt hits you.
The orc knight shoots a bolt.
The bolt hits you!
The orc warrior hits your guardian golem with a flail!
You see here 4 bolts. 2 orc warriors come into view.
Your lightning spire shoots out a bolt of lightning at the orc warrior!
The bolt of electricity hits the orc warrior.
The orc knight shoots a bolt.
The bolt hits you!!
An orc warrior comes into view. It is wielding a glaive.
You see here a bolt.
Aiming: Cloud Cone
Press: ? - help, Dir - move target cursor, f - orc knight, p - orc warrior
Aim: an orc knight, wielding an arbalest You create a blast of freezing vapour!
The orc knight is engulfed in freezing vapours.
The orc knight shoots a bolt.
The bolt hits you!!
You die...
Your body crumbles into a pile of gold.

.....##..# ##....
.......#..#####...
≈........).)#.##.(()
≈≈≈≈......#)))((())..
##§≈≈≈.....#..#....#..
ooo§§.h........##.))##.
oooo§o8........##..####
##§§§≈.....#..#...#.##
###≈§§§@.....#..#.......
#≈≈≈≈8.((...........#...
≈≈≈.....(....#.....##...
≈≈.......(..##..........
..##..##..##...........
......................
.............#..#......
#######.)###.#..........
##.####....#.............


You could see 2 orc knights, 6 orc warriors, a friendly guardian golem, a
friendly warg and a friendly lightning spire.

Vanquished Creatures
  Gastronok (D:9)
  3 vault guards (D:13)
  A minotaur (Lab)
  A centaur warrior (D:10)
  Erolcha (D:11)
  A hill giant (D:11)
  An ugly thing (D:11)
  A cyclops (D:12)
  The ghost of Conn321 the Magician, an experienced OpWz of Vehumet (D:5)
  2 centaur skeletons
  A gargoyle (D:13)
  A two-headed ogre (D:10)
  Sonja (D:12)
  4 trolls
  A polar bear (shapeshifter) (D:14)
  6 yaks
  A trapdoor spider (D:12)
  A spriggan (D:9)
  2 wyverns
  Eustachio (D:4)
  A hippogriff (D:10)
  A vampire mosquito (D:12)
  A soldier ant (D:12)
  Edmund (D:8)
  A deep elf fighter (D:13)
  A mottled dragon (D:11)
  6 orc warriors
  An ice beast (D:12)
  2 ogres
  2 phantoms (D:9)
  3 black bears
  7 centaurs
  2 sky beasts (D:6)
  Sigmund (D:4)
  12 giant frogs
  A gnoll sergeant (D:10)
  13 killer bees
  A scorpion (D:7)
  2 giant frog zombies
  6 crimson imps
  A centaur zombie (D:6)
  2 jellies
  7 orc priests
  A goliath beetle (D:8)
  5 hounds
  4 iguanas
  Crazy Yiuf (D:3)
  A gnoll shaman (D:5)
  19 orc wizards
  A giant frog skeleton (D:11)
  14 worker ants
  Jessica (D:2)
  A hound skeleton (D:5)
  2 worker ant zombies (D:9)
  Robin (D:4)
  14 gnolls
  19 adders
  2 giant mites
  5 shadow imps
  2 worms (D:4)
  3 adder skeletons
  9 giant geckos
  129 orcs
  14 bats
  2 bat skeletons
  4 giant cockroaches
  16 goblins
  18 hobgoblins
  8 jackals
  11 quokkas
  2 ball pythons (D:3)
  A giant gecko skeleton (D:6)
  4 giant newts
  A giant spore (D:6)
  22 kobolds
  A quokka skeleton (D:9)
  42 rats
  2 fungi (D:3)
489 creatures vanquished.

Vanquished Creatures (collateral kills)
  Harold (D:14)
  A catoblepas (D:11)
  2 hill giants
  An unseen horror (D:11)
  2 orc knights
  An orc sorcerer (D:13)
  A wolf spider zombie (D:13)
  6 cyclopes
  A centaur zombie (D:13)
  A centaur skeleton (D:11)
  A gargoyle (D:13)
  2 komodo dragons
  A tengu conjurer (D:13)
  A troll (D:13)
  4 slime creatures (D:12)
  2 shadows
  A wraith (D:11)
  6 yaks
  A hungry ghost (D:12)
  5 vampire mosquitoes
  2 wolves (D:13)
  A deep elf mage (D:10)
  A guardian golem (D:14)
  4 wargs
  A mottled dragon (D:13)
  A soldier ant (D:12)
  A phantom (D:4)
  A sky beast (D:9)
  6 ogres
  2 necrophages (D:13)
  18 orc warriors
  5 centaurs (Orc:4)
  A big kobold (D:11)
  2 crocodiles (D:10)
  7 killer bees
  A scorpion (D:10)
  10 wights
  A crimson imp (Orc:2)
  A giant frog skeleton (D:12)
  9 orc wizards
  2 jellies
  A hound (D:11)
  11 orc priests
  An iguana (D:10)
  2 worker ants
  A hound skeleton (D:2)
  3 adders
  A shadow imp (D:11)
  An adder zombie (D:4)
  An ooze (D:4)
  95 orcs
  A bat (D:3)
  4 hobgoblins
  2 kobolds
  A ball python (D:3)
  6 goblins
  A rat (D:4)
  A fungus (D:3)
251 creatures vanquished.

Vanquished Creatures (others)
  A vault guard (D:13)
  The ghost of runewalsh the Covert, an experienced OpWz of Vehumet (D:10)
  A hill giant (D:13)
  An orc knight (D:13)
  A cyclops (D:12)
  A gargoyle (D:13)
  A two-headed ogre (D:9)
  A slime creature (D:12)
  41 guardian golems
  4 yaks (D:10)
  6 wolves
  2 wargs (Orc:3)
  A water moccasin skeleton (D:11)
  A wight (D:13)
  15 lightning spires
  A hound zombie (D:4)
  3 adder skeletons
  A bat skeleton (D:3)
  3 hobgoblin zombies (D:4)
  2 ball python skeletons (D:3)
  A giant gecko zombie (D:4)
  A giant newt skeleton (D:3)
  2 giant spores (D:12)
  2 goblin skeletons
  4 goblin zombies (D:4)
  A hobgoblin skeleton (D:3)
  A kobold skeleton (D:3)
  A kobold zombie (D:4)
  4 orc skeletons
105 creatures vanquished.

Grand Total: 845 creatures vanquished

Notes
Turn   | Place    | Note
--------------------------------------------------------------
     0 | D:1      | Chiseanne, the Demonspawn Necromancer, began the quest for the Orb.
     0 | D:1      | Reached XP level 1. HP: 13/13 MP: 3/3
    68 | D:1      | Learned a level 1 spell: Animate Skeleton
   368 | D:1      | Gained mutation: You are partially covered in iridescent scales (AC +4). [demonic ancestry]
   368 | D:1      | Reached XP level 2. HP: 19/19 MP: 2/4
   731 | D:1      | Reached skill level 5 in Necromancy
  1293 | D:2      | Gained mutation: You have sharp fingernails. [demonic ancestry]
  1293 | D:2      | Reached XP level 3. HP: 17/24 MP: 0/6
  1609 | D:2      | Learned a level 3 spell: Vampiric Draining
  2069 | D:2      | Noticed Jessica
  2076 | D:2      | Killed Jessica
  2076 | D:2      | Gained mutation: You can steal the life force of nearby defeated enemies. [demonic ancestry]
  2076 | D:2      | Reached XP level 4. HP: 26/30 MP: 2/8
  2831 | D:3      | Reached skill level 6 in Necromancy
  2878 | D:3      | Gained mutation: You are mostly covered in iridescent scales (AC +6). [demonic ancestry]
  2878 | D:3      | Reached XP level 5. HP: 29/35 MP: 3/11
  3150 | D:3      | Noticed Crazy Yiuf
  3193 | D:3      | Killed Crazy Yiuf
  3245 | D:4      | Found a staircase to the Ecumenical Temple.
  3427 | D:4      | Found Qiutaaj's Gadget Boutique.
  3457 | D:4      | Learned a level 4 spell: Animate Dead
  3531 | D:4      | Reached skill level 1 in Armour
  3694 | D:4      | Noticed a phantom
  3722 | D:4      | Noticed Eustachio
  3738 | D:4      | Killed Eustachio
  3738 | D:4      | Gained mutation: You have very sharp fingernails. [demonic ancestry]
  3738 | D:4      | Reached XP level 6. HP: 38/41 MP: 15/15
  3752 | D:4      | Killed a phantom
  3752 | D:4      | Reached skill level 7 in Necromancy
  3899 | D:4      | Noticed Robin
  3919 | D:4      | Killed Robin
  4055 | D:4      | Your ally Robin died
  4113 | D:4      | Reached XP level 7. HP: 43/46 MP: 12/18
  4143 | D:4      | Found Grosm's General Store.
  4149 | D:4      | Bought a potion of degeneration for 10 gold pieces
  4201 | Temple   | Entered the Ecumenical Temple
  4214 | Temple   | Became a worshipper of Gozag Ym Sagoz the Greedy
  4373 | D:4      | Found a shadowy altar of Dithmenos.
  4383 | D:4      | Reached skill level 5 in Spellcasting
  4421 | D:4      | Noticed Sigmund
  4453 | D:4      | Killed Sigmund
  4477 | D:4      | Learned a level 4 spell: Control Undead
  4481 | D:4      | Learned a level 3 spell: Regeneration
  4545 | D:4      | Bought a potion of might for 40 gold pieces
  4545 | D:4      | Bought a +0 pair of boots for 45 gold pieces
  4545 | D:4      | Bought a scroll of identify for 20 gold pieces
  4577 | D:5      | Entered Level 5 of the Dungeon
  4748 | D:5      | Noticed Conn321's ghost (experienced OpWz)
  4758 | D:5      | Killed Conn321's ghost
  4758 | D:5      | Reached skill level 1 in Fighting
  4758 | D:5      | Reached skill level 8 in Necromancy
  4758 | D:5      | Gained mutation: You are slightly more attuned to the shadows. [demonic ancestry]
  4758 | D:5      | Reached XP level 8. HP: 31/54 MP: 19/21
  4969 | D:5      | Got a fine dagger
  4971 | D:5      | Identified the +5 dagger of Jogho {pierce, rElec Str+2} (You found it on level 5 of the Dungeon)
  5029 | D:5      | Found Gozag's Nutrition Petition.
  5029 | D:5      | Found an opulent altar of Gozag.
  5849 | D:4      | Bought a scroll of remove curse for 30 gold pieces
  5849 | D:4      | Bought 3 scrolls of fear for 105 gold pieces
  5849 | D:4      | Bought a potion of heal wounds for 50 gold pieces
  5849 | D:4      | Bought a potion of curing for 30 gold pieces
  5849 | D:4      | Bought a bread ration for 50 gold pieces
  5997 | D:6      | Found a glowing drain.
  6026 | Sewer    | Entered a sewer
  6405 | D:6      | Found a blossoming altar of Fedhas.
  6604 | D:6      | Reached skill level 9 in Necromancy
  6796 | D:6      | Gained mutation: You have claws for hands. [demonic ancestry]
  6796 | D:6      | Reached XP level 9. HP: 58/61 MP: 24/24
  7023 | D:4      | Bought a potion of resistance for 100 gold pieces
  7305 | D:7      | Learned a level 3 spell: Call Canine Familiar
  7355 | D:7      | Reached skill level 1 in Summonings
  7659 | D:7      | Found a blossoming altar of Fedhas.
  8179 | D:8      | Noticed Edmund
  8198 | D:8      | Killed Edmund
  8449 | D:8      | Reached skill level 5 in Summonings
  8457 | D:8      | Learned a level 4 spell: Summon Guardian Golem
  9007 | D:9      | Noticed a gargoyle
  9461 | D:9      | Reached XP level 10. HP: 37/67 MP: 13/25
  9964 | D:9      | Noticed a centaur skeleton
  9978 | D:9      | Killed a centaur skeleton
  9997 | D:9      | Noticed Gastronok
 10074 | D:9      | Killed Gastronok
 10074 | D:9      | Reached skill level 10 in Summonings
 10722 | D:10     | Entered Level 10 of the Dungeon
 10767 | D:10     | Reached skill level 11 in Summonings
 11378 | D:10     | Noticed runewalsh's ghost (experienced OpWz)
 11403 | D:10     | Killed runewalsh's ghost
 11832 | D:10     | Found a staircase to the Lair.
 11858 | D:10     | Reached XP level 11. HP: 63/72 MP: 14/27
 12604 | D:10     | Noticed a centaur warrior
 12619 | D:10     | Killed a centaur warrior
 12619 | D:10     | Reached skill level 1 in Short Blades
 12619 | D:10     | Reached skill level 1 in Unarmed Combat
 12732 | D:10     | Learned a level 4 spell: Summon Lightning Spire
 13264 | D:4      | Bought a +2 rod of clouds (11/11) for 1260 gold pieces
 13746 | D:11     | Found Urikuet's Jewellery Shoppe.
 13754 | D:11     | Bought a cursed ring of loudness for 49 gold pieces
 13764 | D:11     | Bought a +1 ring of intelligence for 24 gold pieces
 13765 | D:11     | Bought a +2 ring of evasion for 110 gold pieces
 13783 | D:11     | Noticed a hill giant
 13800 | D:11     | Killed a hill giant
 13892 | D:11     | Noticed an unseen horror
 13898 | D:11     | Killed an unseen horror
 14045 | D:11     | Found a staircase to the Orcish Mines.
 14230 | D:11     | Bought a ring of the Octopus King {AC+1 EV+1 Str+1 Int+1 Dex+1 SInv} for 403 gold pieces
 14504 | D:11     | Noticed Erolcha
 14513 | D:11     | Killed Erolcha
 14513 | D:11     | Reached skill level 5 in Evocations
 14538 | D:11     | Noticed a catoblepas
 14549 | D:11     | Killed a catoblepas
 14725 | D:11     | Noticed a hill giant
 14749 | D:11     | Killed a hill giant
 16219 | D:12     | Found Gheatzutt's Magic Scroll Shop.
 16226 | D:12     | Bought a scroll of identify for 34 gold pieces
 16226 | D:12     | Bought a scroll of identify for 34 gold pieces
 16226 | D:12     | Bought a scroll of identify for 34 gold pieces
 16226 | D:12     | Bought a scroll of blinking for 127 gold pieces
 16226 | D:12     | Bought a scroll of identify for 34 gold pieces
 16226 | D:12     | Bought a scroll of identify for 34 gold pieces
 16228 | D:12     | Bought a scroll of random uselessness for 17 gold pieces
 16384 | D:12     | Noticed a hill giant
 16396 | D:12     | Reached XP level 12. HP: 76/78 MP: 14/28
 16401 | D:12     | Killed a hill giant
 16670 | D:12     | Noticed Sonja
 16853 | D:12     | Reached skill level 10 in Evocations
 16937 | D:12     | Killed Sonja
 17084 | D:13     | Found a labyrinth entrance.
 17115 | Lab      | Entered a labyrinth
 17389 | Lab      | Noticed a minotaur
 17786 | Lab      | Killed a minotaur
 17956 | D:13     | Noticed a vault guard
 18787 | D:13     | Found a roughly hewn altar of Beogh.
 18851 | D:13     | Noticed a vault guard
 19011 | D:13     | Killed a vault guard
 19241 | D:13     | Got a twisted large shield
 19426 | D:13     | Killed a vault guard
 19761 | D:13     | Found a gate to the Vaults.
 19761 | D:13     | Noticed a vault guard
 19761 | D:13     | Noticed a vault guard
 19785 | D:13     | Killed a vault guard
 19813 | D:13     | Killed a vault guard
 19968 | D:14     | Noticed Harold
 20004 | D:14     | Killed Harold
 20359 | D:5      | Bought 3 royal jellies for 600 gold pieces
 20631 | Orc:1    | Entered Level 1 of the Orcish Mines
 20887 | Orc:1    | Found Ipukkufa's Food Shoppe.
 20895 | Orc:1    | Bought 3 royal jellies for 72 gold pieces
 20895 | Orc:1    | Bought a beef jerky for 18 gold pieces
 20895 | Orc:1    | Bought a meat ration for 60 gold pieces
 20895 | Orc:1    | Bought a beef jerky for 18 gold pieces
 20895 | Orc:1    | Bought a bread ration for 60 gold pieces
 20895 | Orc:1    | Bought a meat ration for 60 gold pieces
 20895 | Orc:1    | Bought a meat ration for 60 gold pieces
 20895 | Orc:1    | Bought a bread ration for 60 gold pieces
 20895 | Orc:1    | Bought a meat ration for 60 gold pieces
 20895 | Orc:1    | Bought a fruit for 18 gold pieces
 20921 | Orc:1    | Learned a level 6 spell: Statue Form
 21444 | Orc:2    | Reached skill level 1 in Transmutations
 21551 | Orc:2    | Reached skill level 10 in Spellcasting
 21872 | Orc:2    | Identified the cursed -2 large shield "Zekuh" {rC+ Dex-3} (You found it on level 13 of the Dungeon)
 21961 | Orc:2    | Found Cujusem's Quality Used Wands.
 21972 | Orc:2    | Bought a wand of polymorph (0) for 24 gold pieces
 21972 | Orc:2    | Bought a wand of magic darts (0) for 7 gold pieces
 21972 | Orc:2    | Bought a wand of paralysis (0) for 24 gold pieces
 21972 | Orc:2    | Bought a wand of fire (0) for 96 gold pieces
 21972 | Orc:2    | Bought a wand of disintegration (0) for 48 gold pieces
 21972 | Orc:2    | Bought a wand of polymorph (0) for 24 gold pieces
 22215 | Orc:3    | Found Ukaacoh's Armour Shop.
 22252 | Orc:3    | Found a staircase to the Elven Halls.
 22710 | Orc:3    | Found Priez's Magic Scroll Emporium.
 22716 | Orc:3    | Found Cosaghid's Armour Emporium.
 22768 | Orc:3    | Bought a scroll of remove curse for 39 gold pieces
 22768 | Orc:3    | Bought 2 scrolls of identify for 52 gold pieces
 22768 | Orc:3    | Bought a scroll of identify for 26 gold pieces
 22768 | Orc:3    | Bought a scroll of teleportation for 39 gold pieces
 22768 | Orc:3    | Bought a scroll of teleportation for 39 gold pieces
 22768 | Orc:3    | Bought a scroll of random uselessness for 13 gold pieces
 22775 | Orc:3    | Found Psilapt's Gadget Emporium.
 22778 | Orc:3    | Bought a wand of heal wounds (1) for 420 gold pieces
 22778 | Orc:3    | Bought a wand of heal wounds (3) for 588 gold pieces
 23006 | Orc:4    | Entered Level 4 of the Orcish Mines
 23211 | Orc:4    | Found Xemmik's Armour Emporium.
 23447 | Orc:4    | Shot with a bolt by an orc knight

Action                   |  1- 3 |  4- 6 |  7- 9 | 10-12 || total
-------------------------+-------+-------+-------+-------++-------
Melee: Dagger            |     2 |     9 |   385 |   766 ||  1162
       Short sword       |       |    35 |       |       ||    35
       Quarterstaff      |       |    53 |    46 |       ||    99
       Mace              |       |     1 |     4 |       ||     5
 Fire: Hand crossbow     |       |       |       |     2 ||     2
       Blowgun           |       |       |       |    11 ||    11
Throw: Javelin           |       |       |     1 |     3 ||     4
 Cast: Pain              |    56 |    93 |   127 |   180 ||   456
       Animate Skeleton  |    15 |    16 |       |       ||    31
       Animate Dead      |       |     7 |     1 |     2 ||    10
       Vampiric Draining |       |       |    32 |    92 ||   124
       Control Undead    |       |       |     1 |       ||     1
       Summon Guardian G |       |       |       |    97 ||    97
       Summon Lightning  |       |       |       |    82 ||    82
       Call Canine Famil |       |       |       |    27 ||    27
Evoke: Wand              |       |       |     5 |     7 ||    12
       Rod               |       |       |       |    16 ||    16
  Use: Scroll            |       |     8 |    12 |    11 ||    31
       Potion            |       |       |       |     6 ||     6
 Stab: Distracted        |       |     1 |       |    10 ||    11
       Confused          |       |     1 |       |       ||     1
       Sleeping          |       |       |    14 |    16 ||    30
  Eat: Chunk             |     4 |     8 |       |       ||    12
       Bread ration      |       |       |     3 |     5 ||     8
       Beef jerky        |       |       |     1 |     2 ||     3
       Fruit             |       |       |    14 |     3 ||    17
       Pizza             |       |       |       |    10 ||    10
       Royal jelly       |       |       |       |     5 ||     5
       Meat ration       |       |       |       |     3 ||     3
